 Dungeon Crawl Stone Soup version 0.25.0-26-g0c896c7088 (webtiles) character file.

Game seed: 13286691022999525418

79 Esekla the Grave Robber (level 4, -1/32 HPs)
             Began as a Formicid Necromancer on July 2, 2020.
             Slain by a kobold
             ... wielding a +0 short sword
              (2 damage)
             ... on level 3 of the Dungeon.
             The game lasted 00:17:27 (2522 turns).

Esekla the Grave Robber (Formicid Necromancer)      Turns: 2522, Time: 00:17:27

Health: -1/32      AC:  2    Str: 12    XL:     4   Next: 62%
Magic:  3/8        EV: 12    Int: 16    God:
Gold:   95         SH:  0    Dex: 11    Spells: 5/9 levels left

rFire    . . .     SeeInvis +   f - +0 dagger
rCold    . . .     Gourm    .   (no shield)
rNeg     . . .     Faith    .   a - +0 robe
rPois    .         Spirit   .   (helmet unavailable)
rElec    .         Reflect  .   (no cloak)
rCorr    .         Harm     .   (no gloves)
MR       .....                  (no boots)
Stlth    ++........             (no amulet)
HPRegen  0.10/turn              (no ring)
MPRegen  0.11/turn              (no ring)

@: lethally poisoned (-1 -> -9), very slightly contaminated
A: permanent stasis, dig shafts and tunnels, four strong arms, antennae 3
a: Dig, Shaft Self


You were on level 3 of the Dungeon.
You were hungry.

You visited 1 branch of the dungeon, and saw 3 of its levels.

You collected 95 gold pieces.

Inventory:

Hand Weapons
 f - a +0 dagger (weapon)
Armour
 a - a +0 robe (worn)
 d - a +0 leather armour
Scrolls
 g - a scroll of identify {unknown}
 h - a scroll of remove curse {unknown}
 j - 2 scrolls of amnesia {unknown}
Potions
 b - 2 potions of stabbing {unknown}
 e - 2 potions of flight {unknown}
 i - a potion of invisibility {unknown}
 k - a potion of heal wounds {unknown}
Comestibles
 c - 2 rations


   Skills:
 * Level 1.6 Fighting
 + Level 0.7 Short Blades
 + Level 2.1 Dodging
 + Level 2.6 Stealth
 * Level 3.2 Spellcasting
 + Level 4.3 Necromancy


You had 5 spell levels left.
You knew the following spells:

 Your Spells              Type           Power        Failure   Level  Hunger
a - Pain                  Necr           ###.         3%          1    None
d - Vampiric Draining     Necr           ###.......   9%          3    ###....

Your spell library contained the following spells:

 Spells                   Type           Power        Failure   Level  Hunger
 Animate Skeleton         Necr           N/A          3%          1    None
 Animate Dead             Necr           N/A          30%         4    ####...
 Agony                    Necr           ###.....     63%         5    ######.


Dungeon Overview and Level Annotations

Branches:
Dungeon (3/15)

Altars:


Innate Abilities, Weirdness & Mutations

You cannot be hasted, slowed, berserked, paralysed or teleported.
You can dig through walls and to a lower floor.
Your four strong arms can wield two-handed weapons with a shield.
You have a pair of large antennae on your head. (SInv)


Message History

2 kobolds come into view.
A kobold is wielding a +0 short sword and quivering 3 poisoned darts.
The kobold shouts!
Found 12 gold pieces, a sapphire potion and a fuming white potion.
There is a stone staircase leading up here.
The kobold throws a stone.
The stone hits you but does no damage.
You see here a stone.
The kobold throws a stone.
The stone hits you but does no damage.
The kobold throws a poisoned dart.
The poisoned dart hits you!
You are lethally poisoned!
You see here a stone.
* * * LOW HITPOINT WARNING * * *
You feel sick.
The kobold throws a stone.
The stone barely misses you.
The kobold throws a poisoned dart.
The poisoned dart closely misses you.
Things that are here:
a poisoned dart; a stone
* * * LOW HITPOINT WARNING * * *
You feel sick.
The kobold throws a stone.
The stone closely misses you.
The kobold hits you with a +0 short sword.
You die...

#....!.#
######......
#..........# .
#.......K..#
..#......!...#
.............#
.........$...#
#...K<....#
##..@.(...#
#...#(#####
.......#(#
....8..#.#
8.8..$.#.#
.......#.#
.......#.#
....##.#.# ..#


You could see 2 kobolds.

Vanquished Creatures
  A gnoll (D:2)
  An adder (D:2)
  An ooze (D:2)
  A worm (D:2)
  2 dart slugs (D:1)
  A leopard gecko (D:1)
  A ball python (D:2)
  8 bats
  3 giant cockroaches (D:1)
  4 hobgoblins
  6 jackals
  5 frilled lizards
  5 goblins (D:1)
  4 kobolds (D:1)
  4 rats
47 creatures vanquished.

Notes
Turn   | Place    | Note
-------+----------+-------------------------------------------
     0 | D:1      | Esekla the Formicid Necromancer began the quest for the
                  | Orb.
     0 | D:1      | Reached XP level 1. HP: 13/13 MP: 3/3
   467 | D:1      | Reached skill level 1 in Fighting
   467 | D:1      | Reached XP level 2. HP: 21/21 MP: 3/5
  1093 | D:1      | Reached XP level 3. HP: 22/26 MP: 0/6
  1098 | D:1      | Learned a level 3 spell: Vampiric Draining
  1752 | D:2      | Reached XP level 4. HP: 28/32 MP: 3/8
  2522 | D:3      | HP: 1/32 [poisoned by a kobold]
  2522 | D:3      | Slain by a kobold

Illustrated notes

Levels and vault maps discovered:
D:1:      sevenhm_arrival_forest_fort_large_2, layout_basic,
          minmay_crystal_room, minmay_indecisive_spiral
D:2:      layout_basic, serial_bayou, serial_bayou_lake_a,
          serial_bayou_crossing, serial_bayou_pond_c, serial_bayou_pond_c,
          serial_bayou_pond_e, first_ration
D:3:      layout_rooms, nicolae_ru_great_annihilating_truth,
          lemuel_coloured_pillars_altar, zin_statuary

Skill      XL: |  1  2  3 |
---------------+----------+-----
Fighting       | 1 |  1.6
Dodging        | 2 |  2.1
Spellcasting   | 3 |  3.2
Short Blades   | |  0.7
Stealth        | |  2.6
Necromancy     | |  4.3

Action                   |  1- 3 |  4- 6 || total
-------------------------+-------+-------++-------
Melee: Unarmed           |     7 |       ||     7
       Dagger            |    55 |    68 ||   123
 Cast: Pain              |    44 |     5 ||    49
       Vampiric Draining |     4 |     3 ||     7
 Stab: Sleeping          |     1 |       ||     1
  Eat: Chunk             |     4 |     2 ||     6
Armor: Robe              |    20 |    14 ||    34
Dodge: Dodged            |    65 |    54 ||   119
